 Dungeon Crawl Stone Soup version 0.22.1-1-ga44c0e5 (webtiles) character file.

389 MalarOregon the Chiller (level 6, -3/46 HPs)
             Began as a Merfolk Ice Elementalist on Nov 11, 2018.
             Slain by Grinder (6 damage)
             ... on level 3 of the Dungeon.
             The game lasted 00:13:52 (5668 turns).

MalarOregon the Chiller (Merfolk Ice Elementalist)  Turns: 5668, Time: 00:13:52

Health: -3/46      AC:  3    Str:  9    XL:     6   Next: 79%
Magic:  3/10       EV: 14    Int: 16    God:
Gold:   50         SH:  0    Dex: 14    Spells: 0/11 levels left

rFire    . . .     SeeInvis .   j - -1 dagger (curse)
rCold    . . .     Gourm    .   (no shield)
rNeg     . . .     Faith    .   a - +0 robe
rPois    .         Spirit   .   (no helmet)
rElec    .         Reflect  .   k - +0 cloak
rCorr    .         Harm     .   (no gloves)
MR       .....                  (no boots)
Stlth    ++........             (no amulet)
HPRegen  0.15/turn              b - ring of flight
MPRegen  0.12/turn              (no ring)

@: very slightly contaminated
A: change form in water, swift swim, stealthy swim
a: Evoke Flight


You were on level 3 of the Dungeon.
You were not hungry.

You visited 1 branch of the dungeon, and saw 3 of its levels.

You collected 50 gold pieces.

Inventory:

Hand Weapons
 j - a cursed -1 dagger (weapon)
   (You found it on level 2 of the Dungeon)
 l - a +5 quarterstaff of chaos
   (You took it off Crazy Yiuf on level 2 of the Dungeon)
Armour
 a - a +0 robe (worn)
 k - a +0 cloak (worn)
   (You took it off Crazy Yiuf on level 2 of the Dungeon)
Jewellery
 b - a ring of flight (left hand)
   (You found it on level 1 of the Dungeon)
Comestibles
 e - 2 rations {!d}


   Skills:
 + Level 2.8 Fighting
 + Level 4.6 Dodging
 - Level 2.1 Stealth
 + Level 3.2 Spellcasting
 + Level 1.2 Conjurations
 + Level 0.7 Summonings
 * Level 5.6 Ice Magic


You couldn't memorise any spells.
You knew the following spells:

 Your Spells              Type           Power        Failure   Level  Hunger
a - Freeze                Ice            ###.         1%          1    None
c - Throw Icicle          Conj/Ice       ##......     41%         4    ####...
d - Summon Ice Beast      Ice/Summ       ##......     43%         4    ####...
x - Throw Frost           Conj/Ice       ##....       7%          2    ##.....

Your spell library contained the following spells:

 Spells                   Type           Power        Failure   Level  Hunger
 Ozocubu's Armour         Chrm/Ice       ##......     17%         3    ###....


Dungeon Overview and Level Annotations

Branches:
Dungeon (3/15)

Altars:

Annotations:
D:3 Grinder


Message History

You resist with significant effort.
Aim: Grinder (lightly wounded)
You freeze Grinder.
Grinder resists.
Grinder closely misses you.
Aim: Grinder (lightly wounded)
You freeze Grinder.
Grinder resists.
Grinder hits you.
You writhe in agony.
You don't have enough magic to cast that spell.
You hit Grinder but do no damage.
Grinder blinks!
You see here a giant cockroach corpse.
You butcher the giant cockroach corpse.
You see here a chunk of flesh.
c - a chunk of flesh Grinder gestures at you.
You resist with significant effort.
There is a stone staircase leading up here.
Grinder gestures at you.
You barely resist.
You climb upwards.
There is a stone staircase leading down here.
You start resting.
You start resting.
Eating a chunk of flesh.
You eat the chunk of flesh.
You climb downwards.
Level annotation: Grinder
There is a stone staircase leading up here.
Aim: Grinder You miscast Throw Icicle.
You are very lightly contaminated with residual magic.
Wisps of condensation drift from your hands.
Grinder gestures at you.
You suddenly lose the ability to move!
Grinder hits you!
You writhe in agony.
You can move again.
Unknown command.
Unknown command.
Aim: Grinder The shard of ice misses Grinder.
Grinder barely misses you.
You don't have enough magic to cast that spell.
You hit Grinder. Grinder barely misses you.
You hit Grinder. Grinder barely misses you.
You closely miss Grinder. Grinder gestures at you.
Pain shoots through your body!
* * * LOW HITPOINT WARNING * * *
You hit Grinder but do no damage. Grinder hits you!
* * * LOW HITPOINT WARNING * * *
You don't have enough magic to cast that spell.
You closely miss Grinder. Grinder hits you!
* * * LOW HITPOINT WARNING * * *
You writhe in agony.
You die...

##########
#.5......#
#.######.#
#.# #.#
#.# #.#
#.# ##5#
#†# #@.#
#5# #..#
.># #..#
#.# #..#
#.# #..#
#.# #..#
#.# ....
####


You could see Grinder.

Vanquished Creatures
  Sigmund (D:2)
  Jessica (D:2)
  Natasha (thrice) (D:2)
  4 gnolls
  2 adders
  An ooze (D:2)
  A worm (D:2)
  2 leopard geckos
  9 bats
  4 giant cockroaches
  5 goblins
  9 hobgoblins
  3 jackals (D:3)
  3 frilled lizards
  9 kobolds
  9 rats
66 creatures vanquished.

Vanquished Creatures (collateral kills)
  Crazy Yiuf (D:2)
1 creature vanquished.

Grand Total: 67 creatures vanquished

Notes
Turn   | Place    | Note
-------+----------+-------------------------------------------
     0 | D:1      | MalarOregon the Merfolk Ice Elementalist began the quest
                  | for the Orb.
     0 | D:1      | Reached XP level 1. HP: 13/13 MP: 3/3
   468 | D:1      | Reached XP level 2. HP: 20/20 MP: 3/5
   472 | D:1      | Learned a level 2 spell: Throw Frost
   935 | D:1      | Reached skill level 1 in Fighting
  1051 | D:1      | Reached XP level 3. HP: 26/26 MP: 4/6
  1489 | D:2      | Reached skill level 4 in Ice Magic
  1552 | D:2      | Noticed Jessica
  1557 | D:2      | Killed Jessica
  1557 | D:2      | Reached XP level 4. HP: 32/32 MP: 0/7
  1996 | D:2      | Learned a level 4 spell: Throw Icicle
  2116 | D:2      | Found a faded altar of an unknown god.
  2116 | D:2      | Noticed Sigmund
  3137 | D:2      | Killed Sigmund
  3137 | D:2      | Reached skill level 5 in Ice Magic
  3137 | D:2      | Reached XP level 5. HP: 39/39 MP: 1/9
  3137 | D:2      | Reached XP level 6. HP: 46/46 MP: 1/10
  3144 | D:2      | Learned a level 4 spell: Summon Ice Beast
  3735 | D:2      | Found a runed door.
  3770 | D:2      | Reached skill level 1 in Conjurations
  4018 | D:2      | Noticed Natasha
  4070 | D:2      | Killed Natasha
  4219 | D:2      | Noticed Natasha
  4237 | D:2      | Killed Natasha
  4261 | D:2      | Noticed Natasha
  4264 | D:2      | Killed Natasha
  4400 | D:2      | Noticed Crazy Yiuf
  4413 | D:2      | Killed Crazy Yiuf
  4543 | D:2      | Found a faded altar of an unknown god.
  5289 | D:3      | Noticed Grinder
  5520 | D:3      | Paralysed by Grinder for 2 turns
  5660 | D:3      | Paralysed by Grinder for 3 turns
  5668 | D:3      | Slain by Grinder

Skill      XL: |  1  2  3  4  5  6 |
---------------+-------------------+-----
Dodging        | 3 4 |  4.6
Fighting       | 1 2 |  2.8
Ice Magic      | 4 5 |  5.6
Spellcasting   | 3 |  3.2
Conjurations   | 1 |  1.2
Stealth        | |  2.1
Summonings     | |  0.7

Action                   |  1- 3 |  4- 6 || total
-------------------------+-------+-------++-------
Melee: Unarmed           |    15 |    11 ||    26
       Dagger            |       |    13 ||    13
 Cast: Freeze            |    43 |    96 ||   139
       Throw Frost       |     7 |    15 ||    22
       Summon Ice Beast  |       |     2 ||     2
       Throw Icicle      |       |     1 ||     1
  Use: Scroll            |       |     5 ||     5
  Eat: Chunk             |     3 |     8 ||    11
       Ration            |       |     2 ||     2
Armor: Robe              |     8 |    14 ||    22
Dodge: Dodged            |    31 |    96 ||   127
